 Dungeon Sprint DCSS version 0.22-a0-388-g09e6169 (webtiles) character file.

19819 Kidiri the Sorcerer (level 12, -1/72 HPs)
             Began as a Deep Elf Fire Elementalist on Apr 30, 2018.
             Was the Champion of Vehumet.
             Killed from afar by Aizul (30 damage)
             ... with a bolt of poison
             ... in the Dungeon (Sprint IX: "|||||||||||||||||||||||||||||").
             The game lasted 00:17:22 (2887 turns).

Kidiri the Sorcerer (Deep Elf Fire Elementalist)    Turns: 2887, Time: 00:17:23

Health: -1/72      AC: 19    Str:  5    XL:     12   Next: 39%
Magic:  3/39       EV: 12    Int: 26    God:    Vehumet [******]
Gold:   94         SH:  4    Dex: 18    Spells: 15/53 levels left

rFire    x . .     SeeInvis .   o - +2 rapier (elec)
rCold    + + +     Gourm    .   (no shield)
rNeg     . . .     Faith    .   D - +4 scale mail of Parts Unknown {rF- rC+++ MR+ Dex+3}
rPois    .         Spirit   .   (helmet restricted)
rElec    .         Reflect  +   p - +0 cloak
rCorr    .         Harm     .   b - +3 pair of gauntlets of War {Slay+5}
MR       ++...     Clarity  +   (no boots) Stlth +.........NoTele +
                                z - +4 amulet of reflection
HPRegen  0.22/turn              q - +2 ring of protection
MPRegen  0.26/turn              r - +2 ring of evasion

@: lethally poisoned (-1 -> -27)
A: horns 1, clarity
a: Renounce Religion


You were in the Dungeon.
You worshipped Vehumet.
Vehumet was exalted by your worship.
You were not hungry.

You visited 1 branch You collected 1913 gold pieces.
You spent 1819 gold pieces at shops.

Inventory:

Hand Weapons
 o - a +2 rapier of electrocution (weapon)
Armour
 b - the +3 pair of gauntlets of War (worn) {Slay+5}
   (You bought it in a shop in the Dungeon)

   It affects your accuracy and damage with ranged weapons and melee attacks
   (+5).
 g - a +1 leather armour of poison resistance
 p - a +0 cloak (worn)
 C - the cursed +0 robe of Catatonia {rN++ MR- rCorr Str+2}
   (You found it in the Dungeon)

   It affects your strength (+2).
   It greatly protects you from negative energy.
   It affects your resistance to hostile enchantments.
   It protects you from acid and corrosion.
   It has a curse placed upon it.
 D - the +4 scale mail of Parts Unknown (worn) {rF- rC+++ MR+ Dex+3}
   (You found it in the Dungeon)

   It affects your dexterity (+3).
   It makes you vulnerable to fire.
   It renders you almost immune to cold.
   It affects your resistance to hostile enchantments.
 E - a +1 helmet
Jewellery
 q - a +2 ring of protection (left hand)
 r - a +2 ring of evasion (right hand)
 t - the amulet "Kiunly" {+Fly rPois Regen+ SInv}
   (You found it in the Dungeon)

   [amulet of regeneration]

   It protects you from poison.
   It lets you see invisible.
   It lets you fly.
   It increases your rate of regeneration.
 z - a +4 amulet of reflection (around neck)
 A - an uncursed ring of protection from fire
 B - an uncursed ring of protection from magic
Wands
 a - a wand of digging (9)
 n - a wand of iceblast (10)
Scrolls
 i - a scroll of blinking
 l - 2 scrolls of remove curse
 m - 2 scrolls of amnesia
 u - 4 scrolls of enchant armour
 v - 2 scrolls of fog
 w - 4 scrolls of identify
 G - a scroll of fear
Potions
 d - 6 potions of curing
 f - a potion of haste
 h - 2 potions of berserk rage
 j - 3 potions of might
 k - a potion of invisibility
 s - a potion of resistance
Comestibles
 c - 11 rations
 x - 3 chunks of flesh


   Skills:
 + Level 7.6 Fighting
 + Level 9.3 Short Blades
 + Level 7.6 Armour
 + Level 11.1 Dodging
 - Level 2.4 Stealth
 * Level 21.4 Spellcasting
 + Level 13.7 Conjurations
 + Level 14.0 Fire Magic
 + Level 8.2 Earth Magic
 + Level 6.8 Poison Magic


You had 15 spell levels left.
You knew the following spells:

 Your Spells              Type           Power        Failure   Level  Hunger
a - Flame Tongue          Conj/Fire      #####        1%          1    None
b - Throw Flame           Conj/Fire      ######       1%          2    None
c - Conjure Flame         Conj/Fire      #######.     1%          3    None
d - Inner Flame           Hex/Fire       ######..     1%          3    None
e - Sticky Flame          Conj/Fire      #######.     1%          4    None
f - Fireball              Conj/Fire      #######...   1%          5    None
g - Stone Arrow           Conj/Erth      ######       1%          3    None
h - Lee's Rapid Deconstr  Erth           ######....   5%          5    None
i - Iron Shot             Conj/Erth      ######....   10%         6    None
j - Poison Arrow          Conj/Pois      ######....   13%         6    None


Dungeon Overview and Level Annotations

Branches:
Dungeon (1/1)

Altars:
Cheibriados
Dithmenos
Elyvilon
Fedhas
Gozag
Hepliaklqana
Kikubaaqudgha
Makhleb
Nemelex Xobeh
Okawaru
Qazlal
Ru
Sif Muna
Trog
Uskayaw
Vehumet
Wu Jian
Xom
Yredelemnul
Zin
The Shining One
Beogh
Jiyva
Lugonu

Shops:
D =[*(

Annotations:
D Aizul


Innate Abilities, Weirdness & Mutations

You have a pair of small horns on your head.
You possess an exceptional clarity of mind.


Message History

Aim: Aizul (moderately wounded, poisoned)
The sticky flame hits Aizul.
Aizul is heavily wounded.
Aizul is covered in liquid flames!
You feel sick.
Aizul burns!
You block Aizul's attack.
Unknown command.
You feel much better.
You feel sick.
Aizul burns!
Aizul barely misses you. Aizul hits you!!
Unknown command.
Casting: Sticky Flame (safe; 1% risk of failure)
Confirm with . or Enter, or press ? or * to list all spells.
You don't have enough magic to cast that spell.
Unknown command.
Unknown command.
You feel sick.
Aizul burns!
You feel sick.
Aizul burns!
Aizul stops burning.
Aizul casts a spell at you. The bolt of poison hits you!
You are more poisoned.
You die...

▓▓▓▓▓▓▓▓▓▓▓▓▓▓▓▓▓▓▓▓▓▓▓
▓.......)..@.S.........
▓.▓▓▓▓▓▓▓▓▓▓▓▓▓▓▓▓▓▓▓▓▓▓▓▓▓▓
▓.........'...............'[
▓▓▓▓▓▓▓▓▓▓▓▓▓▓▓▓▓▓▓▓▓▓▓▓▓▓▓▓
▓...........................
▓.▓▓▓▓▓▓▓▓▓▓▓▓▓▓▓▓▓▓▓▓▓▓▓▓▓▓
▓.........'....[∩)∩.∩.∩....[
▓▓▓▓▓▓▓▓▓▓▓▓▓▓▓▓▓▓▓▓▓▓▓▓▓▓▓▓
▓...........................


You could see Aizul.

Vanquished Creatures
  A rakshasa (D)
  An ice dragon (D)
  A catoblepas (D)
  A centaur warrior (D)
  A two-headed ogre (D)
  5 orc high priests (D)
  A vampire mage (D)
  Nergalle (D)
  2 unseen horrors (D)
  A wizard (D)
  2 lindwurms (D)
  A deep elf mage (D)
  3 orc sorcerers (D)
  3 orc knights (D)
  A salamander (shapeshifter) (D)
  2 manticores (D)
  A black mamba (shapeshifter) (D)
  2 spiny frogs (D)
  A gargoyle (D)
  A troll (D)
  3 tyrant leeches (D)
  A blink frog (D)
  A slime creature (D)
  A hippogriff (D)
  A shadow (D)
  A wyvern (D)
  2 basilisks (D)
  Grum (D)
  A wraith (D)
  Eustachio (D)
  2 water moccasins (D)
  6 porcupines (D)
  An ice beast (D)
  9 orc warriors (D)
  A necrophage (D)
  3 wolves (D)
  An ogre (D)
  2 bullfrogs (D)
  A scorpion (D)
  2 hounds (D)
  2 orc wizards (D)
  2 orc priests (D)
  An iguana (D)
  An adder (D)
  A shadow imp (D)
  3 worms (D)
  A leopard gecko (D)
  14 orcs (D)
  A bat zombie (D)
  A giant cockroach (D)
  2 goblins (D)
  A bat (D)
  A frilled lizard (D)
  A kobold (D)
  A quokka zombie (D)
106 creatures vanquished.

Vanquished Creatures (others)
  A spatial maelstrom (D)
  An unseen horror (D)
2 creatures vanquished.

Grand Total: 108 creatures vanquished

Notes
Turn   | Place    | Note
-------+----------+-------------------------------------------
     0 | D        | Kidiri the Deep Elf Fire Elementalist began the quest for the Orb.
     0 | D        | Reached XP level 1. HP: 10/10 MP: 6/6
     3 | D        | Banished a spatial maelstrom
     8 | D        | Reached skill level 4 in Spellcasting
    78 | D        | Noticed a hound
    78 | D        | Noticed a scorpion
    83 | D        | Killed a scorpion
    83 | D        | Reached skill level 7 in Spellcasting
    83 | D        | Reached skill level 5 in Fire Magic
    83 | D        | Reached XP level 2. HP: 15/15 MP: 2/12
    83 | D        | Reached XP level 3. HP: 19/19 MP: 2/13
    89 | D        | Reached skill level 8 in Spellcasting
    89 | D        | Reached XP level 4. HP: 23/24 MP: 11/16
   142 | D        | Learned a level 2 spell: Throw Flame
   146 | D        | Learned a level 3 spell: Conjure Flame
   150 | D        | Learned a level 3 spell: Inner Flame
   155 | D        | Learned a level 4 spell: Sticky Flame
   158 | D        | Found a roughly hewn altar of Beogh.
   158 | D        | Found a snail-covered altar of Cheibriados.
   158 | D        | Found a shadowy altar of Dithmenos.
   158 | D        | Found a white marble altar of Elyvilon.
   158 | D        | Found a blossoming altar of Fedhas.
   158 | D        | Found an opulent altar of Gozag.
   159 | D        | Found a hazy altar of Hepliaklqana.
   160 | D        | Found a viscous altar of Jiyva.
   161 | D        | Found an ancient bone altar of Kikubaaqudgha.
   162 | D        | Found a corrupted altar of Lugonu.
   163 | D        | Found a burning altar of Makhleb.
   164 | D        | Found a sparkling altar of Nemelex Xobeh.
   165 | D        | Found an iron altar of Okawaru.
   166 | D        | Found a stormy altar of Qazlal.
   167 | D        | Found a sacrificial altar of Ru.
   168 | D        | Found a deep blue altar of Sif Muna.
   169 | D        | Found a bloodstained altar of Trog.
   170 | D        | Found a hide-covered altar of Uskayaw.
   171 | D        | Found a radiant altar of Vehumet.
   172 | D        | Found an ornate altar of the Wu Jian Council.
   173 | D        | Found a shimmering altar of Xom.
   174 | D        | Found a basalt altar of Yredelemnul.
   175 | D        | Found a glowing silver altar of Zin.
   176 | D        | Found a glowing golden altar of the Shining One.
   179 | D        | Became a worshipper of Vehumet
   223 | D        | Noticed an ogre
   223 | D        | Noticed a two-headed ogre
   227 | D        | Reached skill level 9 in Spellcasting
   227 | D        | Reached skill level 5 in Conjurations
   236 | D        | Killed a two-headed ogre
   236 | D        | Reached * piety under Vehumet
   236 | D        | Offered knowledge of Sting by Vehumet.
   236 | D        | Reached skill level 14 in Spellcasting
   236 | D        | Reached XP level 5. HP: 6/28 MP: 6/24
   236 | D        | Reached XP level 6. HP: 7/32 MP: 6/25
   236 | D        | Reached XP level 7. HP: 8/36 MP: 6/27
   239 | D        | Noticed an unseen horror
   242 | D        | Killed an unseen horror
   242 | D        | Reached skill level 16 in Spellcasting
   242 | D        | Reached skill level 10 in Conjurations
   242 | D        | Reached skill level 10 in Fire Magic
   242 | D        | Reached XP level 8. HP: 27/41 MP: 1/30
   252 | D        | Reached ** piety under Vehumet
   397 | D        | Learned a level 5 spell: Fireball
   400 | D        | Noticed a manticore
   400 | D        | Noticed a slime creature
   400 | D        | Noticed a troll
   402 | D        | Offered knowledge of Freeze by Vehumet.
   412 | D        | Killed a troll
   412 | D        | Reached skill level 1 in Fighting
   412 | D        | Reached skill level 1 in Short Blades
   412 | D        | Reached skill level 1 in Armour
   413 | D        | Killed a slime creature
   414 | D        | Reached *** piety under Vehumet
   418 | D        | Killed a manticore
   418 | D        | Reached skill level 17 in Spellcasting
   418 | D        | Reached XP level 9. HP: 44/49 MP: 13/32
   533 | D        | Gained mutation: Your mind is acute. (Int +2) [potion of mutation]
   533 | D        | Gained mutation: Your spells are a little harder to cast, but a little more powerful. [potion of mutation]
   533 | D        | Gained mutation: You have sharp toenails. [potion of mutation]
   541 | D        | Got the amulet "Kiunly" {+Fly rPois Regen+ SInv}
   554 | D        | Noticed a spiny frog
   557 | D        | Offered knowledge of Stone Arrow by Vehumet.
   561 | D        | Noticed a spiny frog
   563 | D        | Reached **** piety under Vehumet
   563 | D        | Reached skill level 5 in Dodging
   573 | D        | Killed a spiny frog
   573 | D        | Reached ***** piety under Vehumet
   574 | D        | Killed a spiny frog
   574 | D        | Reached skill level 18 in Spellcasting
   616 | D        | Learned a level 3 spell: Stone Arrow
   666 | D        | Noticed a catoblepas
   671 | D        | Offered knowledge of Static Discharge by Vehumet.
   671 | D        | Reached skill level 5 in Short Blades
   671 | D        | Reached XP level 10. HP: 56/56 MP: 23/34
   673 | D        | Killed a catoblepas
   769 | D        | Reached ****** piety under Vehumet
   841 | D        | Noticed a lindwurm
   855 | D        | Offered knowledge of Bolt of Magma by Vehumet.
   870 | D        | Killed a lindwurm
   870 | D        | Reached skill level 5 in Fighting
   870 | D        | Reached skill level 5 in Armour
   870 | D        | Reached skill level 19 in Spellcasting
   887 | D        | Noticed a lindwurm
   959 | D        | Killed a lindwurm
  1121 | D        | Offered knowledge of Poison Arrow by Vehumet.
  1215 | D        | Learned a level 6 spell: Poison Arrow
  1215 | D        | Noticed an orc knight
  1215 | D        | Noticed an orc high priest
  1223 | D        | Offered knowledge of Lee's Rapid Deconstruction by Vehumet.
  1226 | D        | Killed an orc high priest
  1226 | D        | Reached skill level 1 in Poison Magic
  1226 | D        | Reached XP level 11. HP: 53/64 MP: 12/36
  1227 | D        | Killed an orc knight
  1228 | D        | Reached skill level 5 in Earth Magic
  1238 | D        | Noticed an orc knight
  1240 | D        | Killed an orc knight
  1342 | D        | Learned a level 5 spell: Lee's Rapid Deconstruction
  1342 | D        | Found Anes's Antique Weapon Boutique.
  1342 | D        | Noticed an orc sorcerer
  1342 | D        | Noticed an orc sorcerer
  1342 | D        | Noticed an orc high priest
  1344 | D        | Noticed an orc sorcerer
  1344 | D        | Offered knowledge of Iron Shot by Vehumet.
  1346 | D        | Noticed a sun demon
  1351 | D        | Noticed a sun demon
  1372 | D        | Killed an orc high priest
  1382 | D        | Killed an orc sorcerer
  1392 | D        | Paralysed by an orc sorcerer for 2 turns
  1537 | D        | Learned a level 6 spell: Iron Shot
  1617 | D        | Killed an orc sorcerer
  1617 | D        | Reached skill level 20 in Spellcasting
  1653 | D        | Killed an orc sorcerer
  1666 | D        | Found Kienoitt's Assorted Antiques.
  1670 | D        | Found Votegg's Antique Armour Boutique.
  1673 | D        | Found Dopoxu's Jewellery Shop.
  1674 | D        | Noticed an orc knight
  1675 | D        | Noticed an orc high priest
  1677 | D        | Noticed a soul eater
  1678 | D        | Killed an orc knight
  1680 | D        | Noticed an orc high priest
  1681 | D        | Killed an orc high priest
  1681 | D        | Offered knowledge of Freezing Cloud by Vehumet.
  1682 | D        | Noticed an orc high priest
  1750 | D        | Killed an orc high priest
  1925 | D        | Killed an orc high priest
  1968 | D        | Bought the +3 pair of gauntlets of War {Slay+5} for 1377 gold pieces
  1968 | D        | Found the +3 pair of gauntlets of War {Slay+5}
  1968 | D        | Bought a dyed leather armour for 145 gold pieces
  1977 | D        | Bought a +4 amulet of reflection for 297 gold pieces
  2037 | D        | Noticed Eustachio
  2038 | D        | Killed Eustachio
  2067 | D        | Offered knowledge of Ozocubu's Refrigeration by Vehumet.
  2067 | D        | Reached skill level 10 in Dodging
  2091 | D        | Noticed Grum
  2094 | D        | Killed Grum
  2201 | D        | Got the cursed +0 robe of Catatonia {rN++ MR- rCorr Str+2}
  2203 | D        | Got the +4 scale mail of Parts Unknown {rF- rC+++ MR+ Dex+3}
  2254 | D        | Reached skill level 5 in Poison Magic
  2257 | D        | Noticed an unseen horror
  2260 | D        | Killed an unseen horror
  2262 | D        | Killed an unseen horror
  2283 | D        | Noticed a deep elf mage
  2284 | D        | Noticed a wizard
  2288 | D        | Lost mutation: Your spells are a little harder to cast, but a little more powerful. [potion of mutation]
  2288 | D        | Lost mutation: Your mind is acute. (Int +2) [potion of mutation]
  2288 | D        | Lost mutation: You have sharp toenails. [potion of mutation]
  2288 | D        | Gained mutation: You have a pair of small horns on your head. [potion of mutation]
  2288 | D        | Gained mutation: You possess an exceptional clarity of mind. [potion of mutation]
  2328 | D        | Killed a deep elf mage
  2328 | D        | Offered knowledge of Bolt of Fire by Vehumet.
  2328 | D        | Reached XP level 12. HP: 53/72 MP: 1/38
  2476 | D        | Noticed a centaur warrior
  2477 | D        | Noticed a vampire mage
  2479 | D        | Killed a centaur warrior
  2479 | D        | Reached skill level 21 in Spellcasting
  2493 | D        | Killed a vampire mage
  2640 | D        | Noticed a rakshasa
  2642 | D        | Killed a rakshasa
  2657 | D        | Noticed an ice dragon
  2703 | D        | Killed an ice dragon
  2857 | D        | Noticed Nergalle
  2859 | D        | Killed Nergalle
  2859 | D        | Offered knowledge of Spellforged Servitor by Vehumet.
  2873 | D        | Noticed Aizul
  2880 | D        | HP: 3/72 [poisoned by Aizul (poison arrow)]
  2887 | D        | Killed from afar by Aizul

Vault maps used:
D:        linesprint

Skill      XL: |  1  2  3  4  5  6  7  8  9 10 11 12 |
---------------+-------------------------------------+-----
Spellcasting   | 7 8 14 16 17 18 19 20 21 | 21.4
Conjurations   | 3 4 9 10 11 12 13 | 13.7
Fire Magic     | 5 9 10 11 12 13 14 | 14.0
Fighting       | 2 4 5 7 |  7.6
Short Blades   | 3 5 6 8 9 |  9.3
Armour         | 2 4 5 7 |  7.6
Dodging        | 4 6 8 10 11 | 11.1
Earth Magic    | 4 7 8 |  8.2
Poison Magic   | 1 5 6 |  6.8
Stealth        | |  2.4

Action                   |  1- 3 |  4- 6 |  7- 9 | 10-12 || total
-------------------------+-------+-------+-------+-------++-------
Melee: Rapier            |       |       |     3 |    20 ||    23
       Kick              |       |       |     1 |     2 ||     3
       Headbutt          |       |       |       |     1 ||     1
 Cast: Flame Tongue      |    15 |     7 |    30 |    48 ||   100
       Inner Flame       |       |     1 |     6 |    11 ||    18
       Sticky Flame      |       |     1 |     6 |    16 ||    23
       Conjure Flame     |       |     1 |     4 |    10 ||    15
       Fireball          |       |       |     3 |    12 ||    15
       Throw Flame       |       |       |     2 |     5 ||     7
       Stone Arrow       |       |       |       |     7 ||     7
       Poison Arrow      |       |       |       |    34 ||    34
       Iron Shot         |       |       |       |    11 ||    11
  Use: Potion            |     1 |       |     4 |     7 ||    12
       Scroll            |       |     1 |       |     1 ||     2
  Eat: Chunk             |       |       |       |     2 ||     2
       Ration            |       |       |       |     2 ||     2
Armor: Robe              |       |       |     3 |     2 ||     5
       Scale mail        |       |       |       |    12 ||    12
Dodge: Dodged            |    11 |     1 |     5 |    21 ||    38
Block: Other             |       |       |       |     1 ||     1

Table legend:
 A = Spawn XP
 B = Non-spawn XP
 C = Spawn XP percentage of total XP
 D = Spawn monster count
 E = Non-spawn monster count
 F = Spawn count percentage of total count
 G = Total turns spent on level
                    A         B        C        D         E        F      G
               +---------+---------+-------+---------+---------+-------+---------
         Total |       0 |   28313 |   0.0 |       0 |     107 |   0.0 |  2887
               +---------+---------+-------+---------+---------+-------+---------
             D |       0 |   28313 |   0.0 |       0 |     107 |   0.0 |  2887
               +---------+---------+-------+---------+---------+-------+---------
